 Dungeon Crawl Stone Soup version 0.31-a0-175-g9f7f995f2b (webtiles) character file.

Game seed: 16175613701734585202

1935 jasper the Placeless Spriggan (level 8, -2/33 (36) HPs)
             Began as a Spriggan Conjurer on June 16, 2023.
             Slain by Maggie
             ... wielding a +0 glaive of draining
              (6 damage)
             ... on level 7 of the Dungeon.
             The game lasted 00:09:21 (5882 turns).

jasper the Placeless Spriggan (Spriggan Conjurer)   Turns: 5882, Time: 00:09:21

HP:   -2/33 (36)    AC:  2    Str:  3    XL:     8   Next: 97%
MP:   1/15          EV: 18    Int: 21    God:
Gold: 316           SH:  0    Dex: 20    Spells: 1/15 levels left

rFire   + + .        j - +0 quarterstaff
rCold   + . .        (shield currently unavailable)
rNeg    . . .        a - +0 robe
rPois   +            (helmet restricted)
rElec   +            (no cloak)
rCorr   +            (gloves unavailable)
SInv    +            (boots unavailable)
Will    +....        (no amulet)
Stlth   +++          w - +6 ring of dexterity
HPRegen 0.25/turn    r - ring of protection from fire
MPRegen 0.14/turn

%: no passive effects
@: mighty, resistant, mesmerised, drained, very quick
A: very small, no large weapons, unfitting armour, see invisible, speed 3
a: no special abilities


You were on level 7 of the Dungeon.
You visited 1 branch of the dungeon, and saw 7 of its levels.

You collected 316 gold pieces.

Inventory:

Hand Weapons
 b - a +0 heavy flail
 g - a +0 club
 h - a +0 dagger of freezing
 j - a +0 quarterstaff (weapon)
Armour
 a - a +0 robe (worn)
Magical Staves
 n - a staff of air
 y - a staff of fire
Jewellery
 i - a ring of fire
 r - a ring of protection from fire (right hand)
 w - a +6 ring of dexterity (left hand)
Scrolls
 e - 2 scrolls of identify
 l - a scroll of summoning {unknown}
 m - 3 scrolls of enchant weapon {unknown}
 o - a scroll of immolation {unknown}
 q - a scroll of vulnerability {unknown}
 u - 2 scrolls of teleportation {unknown}
 A - a scroll of noise {unknown}
Potions
 k - a potion of enlightenment
 p - a potion of mutation
 s - 2 potions of brilliance
 x - 2 potions of degeneration


   Skills:
 - Level 2.6 Dodging
 - Level 3.0 Stealth
 - Level 4.2 Spellcasting
 + Level 6.0 Conjurations
 + Level 7.2 Hexes
 + Level 8.5 Translocations
 + Level 1.9 Air Magic
 - Level 1.0 Poison Magic


You had one spell level left.
You knew the following spells:

 Your Spells              Type           Power      Damage    Failure   Level
a - Magic Dart            Conj           100%       1d8       1%          1
b - Searing Ray           Conj           58%        2d6       1%          2
c - Fulminant Prism       Conj/Hex       16%        3d10      8%          4
d - Iskenderun's Mystic   Conj/Tloc      35%        2d8       6%          4
e - Mephitic Cloud        Conj/Pois/Air  16%        N/A       11%         3

Your spell library contained the following spells:

 Spells                   Type           Power      Damage    Failure   Level
 Dazzling Flash           Conj/Hex       64%        N/A       2%          3
 Poisonous Vapours        Pois/Air       20%        N/A       10%         2
 Hailstorm                Conj/Ice       17%        3d6       11%         3
 Cigotuvi's Dreadful Rot  Necr/Pois/Air  16%        N/A       12%         2
 Ignite Poison            Fire/Tmut/Pois 5%         N/A       30%         3
 Freezing Cloud           Conj/Ice/Air   7%         6-21      73%         5
 Ice Form                 Ice/Tmut       4%         N/A       75%         4
 Simulacrum               Ice/Necr       2%         N/A       100%        6


Dungeon Overview and Level Annotations

Branches:
Dungeon (8/15)             Temple (0/1) D:4
   Lair: D:8-11

Altars:
Dithmenos
Fedhas
Gozag
Okawaru
Vehumet
Zin

Shops:
D:2 *

Annotations:
D:3 exclusion: statue
D:7 Maggie
D:8 Grum


Innate Abilities, Weirdness & Mutations

You are very small and have problems with some larger weapons.
You are too small for most types of armour.
You have supernaturally acute eyesight. (SInv)
You cover ground extremely quickly. (Speed+++)


Message History

Your fulminant prism crackles loudly.
Casting: Fulminant Prism (quite dangerous; 8% risk of failure)
Confirm with . or Enter, or press ? or * to list all spells.
The spell is quite dangerous to miscast (6% risk of failure)!
Continue anyway?
You erupt in a blast of force!
The mystic blast hits Maggie!
Maggie is heavily wounded.
Maggie is knocked back by the mystic blast.
Your fulminant prism explodes!
The blast of energy engulfs Maggie!
Maggie is severely wounded.
You hear a shout! x4
You now have 0/15 mp.
You aren't carrying any items that you can evoke.
You feel very mighty all of a sudden.
Maggie mumbles the words to a spell, but in the wrong order.
Maggie completely misses you.
You barely miss Maggie.
Maggie is severely wounded.
Maggie hits you with a +0 glaive of draining!
You feel drained.
You take 11 damage, and have 25/35 hp.
MASSIVE DAMAGE!!
You completely miss Maggie.
Maggie is heavily wounded.
Maggie says, "Have you seen any dragons?"
Maggie casts a spell at you. The bolt of fire misses you.
Maggie hits you with a +0 glaive of draining!
* * * LOW HITPOINT WARNING * * *
You feel drained.
* * * LOW HITPOINT WARNING * * *
You take 22 damage, and have 3/33 hp.
MASSIVE DAMAGE!!
It was a potion of resistance.
You feel protected. Maggie completely misses you.
Okay, then.
Okay, then.
You hit Maggie.
Maggie is severely wounded.
Maggie hits you with a +0 glaive of draining.
You die...

####...##### ...........
.......... ....... #...#
#...# #...# #@..#
########@..# #..........#
#### #.#####....### ..8#
#.####.......# ...###
#.##.........#
...'.####.##.#.......#
#..#.......#.##....###
#.8##.###..........########
#####.##.....####..†......#


You could see Maggie (mesmerising).

Vanquished Creatures
  Pikel (D:5)
  2 water moccasins (D:7)
  4 black bears
  An ice beast (D:5)
  3 wolves (D:8)
  2 lemures (D:5)
  A bullfrog (D:8)
  A gnoll sergeant (D:5)
  2 jellies (D:5)
  A gnoll bouda (D:4)
  A hound (D:4)
  2 orc priests
  2 iguanas
  Robin (D:2)
  6 gnolls (D:4)
  7 adders
  An ufetubus (D:5)
  2 worms
  15 orcs
  6 ball pythons
  9 endoplasms
  5 giant cockroaches
  15 hobgoblins
  7 kobolds
  2 quokkas
  7 bats
  2 frilled lizards (D:2)
  16 goblins
  3 rats (D:1)
127 creatures vanquished.

Vanquished Creatures (others)
  6 fulminant prisms
6 creatures vanquished.

Grand Total: 133 creatures vanquished

Notes
Turn   | Place    | Note
-------+----------+-------------------------------------------
     0 | D:1      | jasper the Spriggan Conjurer began the quest for the Orb.
     0 | D:1      | Reached XP level 1. HP: 9/9 MP: 5/5
   376 | D:1      | Reached XP level 2. HP: 13/13 MP: 0/7
   379 | D:1      | Learned a level 2 spell: Searing Ray
  1250 | D:2      | Reached XP level 3. HP: 16/16 MP: 6/9
  1317 | D:2      | Found Daew's Assorted Antiques.
  1818 | D:2      | Noticed Robin
  1981 | D:2      | Reached XP level 4. HP: 21/21 MP: 9/11
  1987 | D:2      | Learned a level 4 spell: Fulminant Prism
  1992 | D:2      | Learned a level 4 spell: Iskenderun's Mystic Blast
  2037 | D:2      | Killed Robin
  2514 | D:3      | Reached skill level 1 in Translocations
  2540 | D:3      | Found a faded altar of an unknown god.
  2690 | D:3      | Found a radiant altar of Vehumet.
  2690 | D:3      | Noticed a charred statue
  2842 | D:3      | Reached skill level 1 in Hexes
  2911 | D:3      | Found an iron altar of Okawaru.
  3021 | D:3      | Found an opulent altar of Gozag.
  3203 | D:3      | Found a blossoming altar of Fedhas.
  3343 | D:4      | Reached skill level 2 in Translocations
  3343 | D:4      | Reached XP level 5. HP: 15/24 MP: 0/12
  3532 | D:4      | Noticed a black bear
  3744 | D:4      | Killed a black bear
  3745 | D:4      | Reached skill level 3 in Translocations
  3745 | D:4      | Reached XP level 6. HP: 19/28 MP: 5/13
  3968 | D:4      | Reached skill level 4 in Translocations
  4488 | D:4      | Found a staircase to the Ecumenical Temple.
  4559 | D:4      | Reached XP level 7. HP: 32/32 MP: 6/14
  4572 | D:5      | Entered Level 5 of the Dungeon
  4669 | D:5      | Noticed Pikel
  4679 | D:5      | Reached skill level 5 in Translocations
  4688 | D:5      | Killed Pikel
  4689 | D:5      | Reached skill level 5 in Conjurations
  4689 | D:5      | Reached skill level 5 in Hexes
  4689 | D:5      | Reached skill level 6 in Translocations
  4689 | D:5      | Reached XP level 8. HP: 23/36 MP: 1/15
  5036 | D:5      | Reached skill level 7 in Translocations
  5098 | D:5      | Found a shadowy altar of Dithmenos.
  5470 | D:5      | You fall into a shaft and drop 3 floors!
  5510 | D:8      | Learned a level 3 spell: Mephitic Cloud
  5548 | D:8      | Reached skill level 8 in Translocations
  5550 | D:8      | Reached skill level 1 in Air Magic
  5550 | D:8      | Reached skill level 1 in Poison Magic
  5566 | D:8      | Noticed Grum
  5575 | D:8      | HP: 1/36 [Grum/+0 spear of venom (13)]
  5840 | D:7      | Found a glowing silver altar of Zin.
  5841 | D:7      | Noticed an angel
  5864 | D:7      | Noticed Maggie
  5882 | D:7      | Slain by Maggie

Illustrated notes

Levels and vault maps discovered:
D:1:      lemuel_arrival_muddy, layout_basic
D:2:      layout_basic, serial_shops, nicolae_shop_window_shopping, uniq_robin
D:3:      layout_rooms, nicolae_overflow_ecumenical_swirl,
          mainiacjoe_overflow_brackets, vehumet_statue,
          nicolae_overflow_crystal_walls, st_stairs_14, kennysheep_cross_room
D:4:      layout_gridville, minmay_temple_entry_proselytizer
D:5:      layout_rooms, nicolae_dithmenos_the_darkroom, tso_metal_star,
          hangedman_minor_gate_pass, uniq_pikel
D:7:      layout_loops_cross, zin_angel, enter_bailey_5, uniq_maggie
D:8:      layout_basic, nicolae_qazlal_beasts_of_the_sky, lemuel_doored_altar,
          uniq_grum, uniq_erica

Skill      XL: |  1  2  3  4  5  6  7  8 |
---------------+-------------------------+-----
Conjurations   | 3 4 5 6 |  6.0
Spellcasting   | 3 4 |  4.2
Translocations | 2 3 4 6 8 |  8.5
Hexes          | 1 3 4 5 7 |  7.2
Air Magic      | 1 |  1.9
Poison Magic   | 1 |  1.0
Dodging        | |  2.6
Stealth        | |  3.0

Action                     |  1- 3 |  4- 6 |  7- 9 || total
---------------------------+-------+-------+-------++-------
  Melee: Unarmed           |     6 |       |       ||     6
         Club              |     1 |       |       ||     1
         Quarterstaff      |     2 |    13 |    10 ||    25
   Cast: Magic Dart        |    91 |    84 |    36 ||   211
         Searing Ray       |     7 |    19 |    12 ||    38
         Iskenderun's Myst |       |     1 |     3 ||     4
         Fulminant Prism   |       |       |     6 ||     6
  Evoke: Wand              |       |     4 |    20 ||    24
    Use: Potion            |       |     1 |     7 ||     8
         Scroll            |       |     1 |     6 ||     7
   Stab: Sleeping          |       |     1 |       ||     1
 Armour: Robe              |     8 |     1 |     4 ||    13
  Dodge: Dodged            |    29 |    38 |    30 ||    97

Table legend: (Time is in decaauts)
 A = Elapsed time spent in this place.
 B = Non-inter-level travel time spent in this place.
 C = Inter-level travel time spent in this place.
 D = Time resting spent in this place.
 E = Time spent auto-exploring this place.
 F = Levels seen in this place.
 G = Mean time per level.
                   A        B        C        D        E       F      G
               +--------+--------+--------+--------+--------+-----+--------+
         Total |   4810 |   4710 |    100 |    341 |   3578 |   7 |  687.1 |
       Dungeon |   4810 |   4710 |    100 |    341 |   3578 |   7 |  687.1 |
               +--------+--------+--------+--------+--------+-----+--------+

Top non-repeatable levels by time:
     D:1: 1102 daAuts
     D:4: 1049 daAuts
     D:2: 846 daAuts
     D:5: 779 daAuts
     D:3: 679 daAuts
     D:7: 270 daAuts
     D:8: 83 daAuts
